AoeStats
← cheesus

Arabia

507786825Analyzed
1v1 RM · 12d ago on Sep 19, 2026· 47m 55s· 2 players
Game mode
Random Map
Map size
Tiny (2 player)
Population
200
Speed
Normal
Resources
Standard
Victory
Conquest
Starting age
Dark Age
Ending age
Imperial Age
RankedLock teamsTeams togetherTeam positionsShared explorationLock speedFull tech treeHidden civsTurbo modeCheats
Victory
Defeat
🇩🇪 Burgundians · Germany
1132
+15
🇲🇽 Khitans · Mexico
1111
-15
Dazskass
3:13 Loom
10:04 Feudal Age
16:59 Forging
18:03 Double-Bit Axe
19:08 Domestication
23:25 Castle Age
22:41 Scale Barding Armor
23:38 Wheelbarrow
22:57 Gold Mining
27:18 Pastoralism
28:28 Iron Casting
28:42 Bow Saw
31:15 Husbandry
32:13 Chain Barding Armor
31:57 Town Watch
35:33 Padded Archer Armor
35:24 Fletching
36:28 Thumb Ring
41:13 Ballistics
40:50 Bodkin Arrow
41:11 Leather Archer Armor
40:56 Stone Mining
46:09 Imperial Age
45:33 Light Cavalry
cheesus
4:29 Double-Bit Axe
6:42 Loom
9:55 Feudal Age
11:22 Bow Saw
11:30 Horse Collar
15:23 Gold Mining
20:42 Castle Age
23:49 Wheelbarrow
23:00 Town Watch
23:17 Heavy Plow
25:04 Forging
25:47 Pikeman
26:55 Scale Mail Armor
27:51 Gold Shaft Mining
28:44 Iron Casting
28:35 Squires
30:02 Two-Man Saw
29:26 Fletching
32:26 Hand Cart
32:11 Stone Mining
35:10 Arson
35:41 Town Patrol
36:32 Chain Mail Armor
37:47 Scale Barding Armor
39:08 Chain Barding Armor
43:00 Imperial Age
41:08 Elite Skirmisher
42:25 Bodkin Arrow
42:31 Padded Archer Armor
43:08 Halberdier
44:31 Ballistics
45:19 Chemistry
45:40 Conscription
46:01 Plate Mail Armor
46:32 Blast Furnace
46:06 Bracer
47:56 Stone Shaft Mining
Connection lost

Rejoining the realm…

Still unreachable

The connection could not be restored.

Session expired

The server has moved on; the page needs a fresh start.